 Dungeon Sprint DCSS version 0.28-a0-1190-g77e1c55843 (webtiles) character file.

Game seed: 16356492786670326867

2543 mhtbhm the Protected (level 9, -23/64 HPs)
             Began as a Gargoyle Fighter on Dec 18, 2021.
             Was an Initiate of Gozag.
             Killed from afar by an efreet (28 damage)
             ... with a fireball
             ... in the Dungeon (Sprint IX: "|||||||||||||||||||||||||||||").
             The game lasted 00:01:54 (562 turns).

mhtbhm the Protected (Gargoyle Fighter)              Turns: 562, Time: 00:01:55

Health: -23/64     AC: 24    Str: 24    XL:     9   Next: 55%
Magic:  9/9        EV: 10    Int: 12    God:    Gozag
Gold:   237        SH:  6    Dex:  9    Spells: 8/8 levels left

rFire   . . .      SeeInvis .   a - +0 flail
rCold   . . .      Faith    .   c - +0 buckler
rNeg    + . .      Spirit   .   b - +0 plate armour
rPois   ∞          Reflect  .   n - +0 helmet
rElec   +          Harm     .   m - +0 cloak
rCorr   .          Rampage  .   (no gloves)
Will    .....      NoTele   +   (no boots)
Stlth   ..........              (no amulet)
HPRegen 0.20/turn               o - +3 ring of intelligence
MPRegen 0.11/turn               p - +2 ring of evasion

@: mighty, gold aura, invisible
A: sickness immunity, AC +6, negative energy resistance 1, electricity
resistance, torment resistance 1, petrification resistance
a: Renounce Religion, Potion Petition, Call Merchant, Bribe Branch


You were in the Dungeon.
You worshipped Gozag.
Gozag was aware of your devotion.
You visited 1 branch You collected 513 gold pieces.
You paid 276 gold pieces to Gozag.

Inventory:

Hand Weapons
 a - a +0 flail (weapon)
Armour
 b - a +0 plate armour (worn)
 c - a +0 buckler (worn)
 m - a +0 cloak (worn)
 n - a +0 helmet (worn)
Jewellery
 o - a +3 ring of intelligence (left hand)
 p - a +2 ring of evasion (right hand)
Wands
 l - a wand of acid (3)
Scrolls
 j - 2 scrolls of blinking
 k - 2 scrolls of amnesia
Potions
 e - 5 potions of curing
 f - 2 potions of heal wounds
 g - a potion of haste
 h - 4 potions of magic


   Skills:
 + Level 11.4 Fighting
 + Level 11.8 Maces & Flails
 + Level 11.9 Armour
 + Level 2.8 Dodging
 + Level 11.1 Shields
 + Level 3.5 Evocations


You had 8 spell levels left.
You didn't know any spells.
Your spell library was empty.

Dungeon Overview and Level Annotations

Branches:
Dungeon (1/1)

Altars:
Cheibriados
Dithmenos
Elyvilon
Fedhas
Gozag
Hepliaklqana
Kikubaaqudgha
Makhleb
Nemelex Xobeh
Okawaru
Qazlal
Ru
Sif Muna
Trog
Uskayaw
Vehumet
Wu Jian
Xom
Yredelemnul
Zin
The Shining One
Beogh
Jiyva
Lugonu


Innate Abilities, Weirdness & Mutations

You are immune to sickness and miasma.
Your stone body is resilient. (AC +6)
You are immune to poison.
You resist negative energy. (rN+)
You are resistant to electric shocks. (rElec)
You are resistant to unholy torment.
You are immune to petrification.


Message History

You block the manticore's attack.
Unknown command.
You hit the manticore.
The manticore is heavily wounded.
The centaur warrior shoots an arrow.
The arrow hits the manticore!!
The manticore bites you! The manticore barely misses you.
The manticore claws you but does no damage.
You bludgeon the manticore!!
You kill the manticore!
The centaur warrior shoots an arrow.
The arrow barely misses you.
The efreet is distracted by your dazzling golden aura.
The centaur warrior shoots an arrow.
The arrow hits you but does no damage.
The centaur warrior is distracted by your dazzling golden aura.
Things that are here:
234 gold pieces; a +0 dagger; a +0 leather armour Unknown command.
The centaur warrior is no longer distracted by gold.
The centaur warrior shouts!
The centaur warrior unwields a +0 shortbow.
The centaur warrior hits you!
* * * LOW HITPOINT WARNING * * *
You block the centaur warrior's attack.
You see here 81 gold pieces.
You hit the centaur warrior.
The centaur warrior is lightly wounded.
You barely miss the centaur warrior.
The centaur warrior is lightly wounded.
The efreet is no longer distracted by gold.
The centaur warrior hits you.
* * * LOW HITPOINT WARNING * * *
You block the centaur warrior's attack. The centaur warrior closely misses you.
The centaur warrior misses you.
You barely miss the centaur warrior.
The centaur warrior is lightly wounded.
The efreet gestures at the centaur warrior.
The fireball explodes!
The fireball engulfs the centaur warrior!!
The fireball engulfs you!!
You die...
Your body crumbles into a pile of gold. $$ $ $ $ $$$$$ $ $ ▓▓▓▓▓▓▓▓▓▓▓▓▓▓▓▓▓▓▓▓▓▓ )..[...').....$$@c°R.+ ▓▓▓▓▓▓▓▓▓▓▓▓▓▓▓▓▓▓▓▓▓▓

You could see a centaur warrior and an efreet.

Vanquished Creatures
  2 two-headed ogres (D)
  A manticore (D)
  An unseen horror (D)
  2 trolls (D)
  A black bear (D)
  A centaur (D)
  2 howler monkeys (D)
  A hound (D)
  2 endoplasms (D)
  A giant cockroach (D)
  A hobgoblin (D)
  A ball python zombie (D)
  A frilled lizard (D)
  A jackal zombie (D)
18 creatures vanquished.

Vanquished Creatures (others)
  A deep elf pyromancer (D)
  A wraith (D)
2 creatures vanquished.

Grand Total: 20 creatures vanquished

Notes
Turn   | Place    | Note
-------+----------+-------------------------------------------
     0 | D        | mhtbhm the Gargoyle Fighter began the quest for the Orb.
     0 | D        | Reached XP level 1. HP: 14/14 MP: 1/1
   125 | D        | Noticed a howler monkey
   125 | D        | Noticed a black bear
   125 | D        | Noticed a centaur
   125 | D        | Noticed a hound
   128 | D        | Killed a howler monkey
   129 | D        | Reached skill level 5 in Fighting
   129 | D        | Reached skill level 5 in Armour
   129 | D        | Reached skill level 5 in Shields
   129 | D        | Reached XP level 2. HP: 21/21 MP: 2/2
   129 | D        | Reached XP level 3. HP: 26/26 MP: 3/3
   136 | D        | Killed a black bear
   137 | D        | Reached XP level 4. HP: 32/32 MP: 4/4
   137 | D        | Reached XP level 5. HP: 37/37 MP: 5/5
   140 | D        | Killed a centaur
   141 | D        | Reached skill level 5 in Maces & Flails
   149 | D        | Reached XP level 6. HP: 44/44 MP: 6/6
   155 | D        | Found a snail-covered altar of Cheibriados.
   155 | D        | Found a shadowy altar of Dithmenos.
   155 | D        | Found a white marble altar of Elyvilon.
   155 | D        | Found a blossoming altar of Fedhas.
   155 | D        | Found an opulent altar of Gozag.
   156 | D        | Found a hazy altar of Hepliaklqana.
   157 | D        | Found a viscous altar of Jiyva.
   158 | D        | Found an ancient bone altar of Kikubaaqudgha.
   159 | D        | Found a corrupted altar of Lugonu.
   160 | D        | Found a burning altar of Makhleb.
   161 | D        | Found a sparkling altar of Nemelex Xobeh.
   162 | D        | Found an iron altar of Okawaru.
   163 | D        | Found a stormy altar of Qazlal.
   164 | D        | Found a sacrificial altar of Ru.
   165 | D        | Found a shimmering blue altar of Sif Muna.
   169 | D        | Became a worshipper of Gozag Ym Sagoz the Greedy
   173 | D        | Found a bloodstained altar of Trog.
   174 | D        | Found a hide-covered altar of Uskayaw.
   175 | D        | Found a radiant altar of Vehumet.
   176 | D        | Found an ornate altar of the Wu Jian Council.
   177 | D        | Found a shimmering altar of Xom.
   178 | D        | Found a basalt altar of Yredelemnul.
   179 | D        | Found a glowing silver altar of Zin.
   180 | D        | Found a glowing golden altar of the Shining One.
   233 | D        | Noticed a troll
   233 | D        | Noticed a troll
   233 | D        | Noticed a two-headed ogre
   237 | D        | Killed a troll
   238 | D        | Reached skill level 1 in Dodging
   238 | D        | Reached skill level 1 in Evocations
   238 | D        | Reached XP level 7. HP: 47/50 MP: 7/7
   266 | D        | Killed an unseen horror
   269 | D        | Killed a troll
   270 | D        | Reached skill level 10 in Fighting
   270 | D        | Reached XP level 8. HP: 32/57 MP: 8/8
   275 | D        | Killed a two-headed ogre
   276 | D        | Reached skill level 10 in Maces & Flails
   276 | D        | Reached skill level 10 in Armour
   276 | D        | Reached skill level 10 in Shields
   533 | D        | Noticed a two-headed ogre
   533 | D        | Noticed a deep elf pyromancer
   533 | D        | Noticed a manticore
   533 | D        | Noticed a wraith
   533 | D        | Noticed a centaur warrior
   533 | D        | Noticed an efreet
   544 | D        | Killed a two-headed ogre
   545 | D        | Reached XP level 9. HP: 34/64 MP: 9/9
   551 | D        | Killed a deep elf pyromancer
   557 | D        | Killed a manticore
   562 | D        | Killed from afar by an efreet

Illustrated notes

Levels and vault maps discovered:
D:        linesprint [early_d, line_temple, items_1, d_10, items_2, lair_1,
          lair_end, items_3, orc_1, orc_end, items_4, d_15, swamp_1, shoals_1,
          snake_1, spider_1, d_20, vaults_1, items_5, swamp_end, shoals_end,
          snake_end, spider_end, vaults_end, d_27, items_6, zot_1, zot_end,
          crypt_end, forest_end, elf_end, slime_end, tomb_end, abyss_end,
          pan_hell_end]

Skill      XL: |  1  2  3  4  5  6  7  8  9 |
---------------+----------------------------+-----
Fighting       | 5 6 7 8 10 11 | 11.4
Maces & Flails | 3 4 5 7 9 11 | 11.8
Armour         | 5 6 7 8 9 11 | 11.9
Shields        | 5 6 7 8 9 10 11 | 11.1
Dodging        | 1 2 |  2.8
Evocations     | 1 2 3 |  3.5

Action                   |  1- 3 |  4- 6 |  7- 9 || total
-------------------------+-------+-------+-------++-------
Melee: Flail             |    17 |    13 |    56 ||    86
Invok: Potion Petition   |       |       |     1 ||     1
Evoke: Wand              |       |     4 |     3 ||     7
  Use: Potion            |     1 |       |     3 ||     4
Armor: Scale mail        |     9 |    16 |       ||    25
       Plate armour      |       |     3 |    39 ||    42
Dodge: Dodged            |     8 |     7 |    20 ||    35
Block: Buckler           |     4 |     4 |    18 ||    26

Table legend: (Time is in decaauts)
 A = Elapsed time spent in this place.
 B = Non-inter-level travel time spent in this place.
 C = Inter-level travel time spent in this place.
 D = Time resting spent in this place.
 E = Time spent auto-exploring this place.
 F = Levels seen in this place.
 G = Mean time per level.
                   A        B        C        D        E       F      G
               +--------+--------+--------+--------+--------+-----+--------+
         Total |    574 |    574 |      0 |    350 |      3 |   1 |  574.0 |
       Dungeon |    574 |    574 |      0 |    350 |      3 |   1 |  574.0 |
               +--------+--------+--------+--------+--------+-----+--------+

Top non-repeatable levels by time:
       D: 574 daAuts
